 Dungeon Crawl Stone Soup version 0.31-a0-845-g9abc20d24f (webtiles) character file.

Game seed: 15959805580407932884

203 randomguy2701 the Ducker (level 5, -11/41 HPs)
             Began as a Gnoll Wanderer on Oct 1, 2023.
             Was a Believer of Lugonu.
             Killed by divine providence
             ... invoked by an orc priest
              (15 damage)
             ... on level 3 of the Dungeon.
             The game lasted 00:02:17 (1679 turns).

randomguy2701 the Ducker (Gnoll Wanderer)           Turns: 1679, Time: 00:02:17

Health: -11/41     AC:  4    Str: 11    XL:     5   Next: 81%
Magic:  7/7        EV: 14    Int: 10    God:    Lugonu [**....]
Gold:   146        SH:  0    Dex: 15    Spells: 7/7 levels left

rFire   . . .        a - +2 mace
rCold   . . .        (no shield)
rNeg    . . .        e - +0 leather armour
rPois   .            c - +0 helmet
rElec   .            (no cloak)
rCorr   .            (no gloves)
SInv    .            (no boots)
Will    .....        (no amulet)
Stlth   ++           (no ring)
HPRegen 0.26/turn    (no ring)
MPRegen 0.10/turn

%: no passive effects
@: no status effects
A: fangs 1, strong nose, distributed training
a: Renounce Religion, Depart the Abyss, Banish


You were on level 3 of the Dungeon.
You worshipped Lugonu.
Lugonu was pleased with you.
You visited 1 branch of the dungeon, and saw 3 of its levels.

You collected 146 gold pieces.

Inventory:

Hand Weapons
 a - a +2 mace (weapon)
 b - a +0 quarterstaff
Armour
 c - a +0 helmet (worn)
 e - a +0 leather armour (worn)
Scrolls
 f - a scroll of fog {unknown}
 h - a scroll of torment {unknown}
 j - a scroll of identify {unknown}
 k - a scroll of poison {unknown}
 l - a scroll of brand weapon {unknown}
Potions
 d - a potion of brilliance
 g - 2 potions of heal wounds {unknown}
 i - a potion of attraction {unknown}


   Skills:
 + Level 3.1 Fighting
 + Level 1.6 Short Blades
 + Level 1.6 Long Blades
 + Level 1.6 Axes
 + Level 4.8 Maces & Flails
 + Level 1.6 Polearms
 + Level 6.7 Staves
 + Level 1.6 Ranged Weapons
 + Level 1.6 Throwing
 + Level 1.6 Armour
 + Level 6.7 Dodging
 + Level 1.6 Stealth
 + Level 1.6 Shields
 + Level 1.6 Unarmed Combat
 + Level 1.6 Spellcasting
 + Level 1.3 Conjurations
 + Level 1.3 Hexes
 + Level 1.3 Summonings
 + Level 1.3 Necromancy
 + Level 1.3 Translocations
 + Level 1.3 Transmutations
 + Level 1.3 Fire Magic
 + Level 1.3 Ice Magic
 + Level 1.3 Air Magic
 + Level 1.3 Earth Magic
 + Level 1.3 Poison Magic
 + Level 3.2 Invocations
 + Level 1.6 Evocations
 + Level 1.5 Shapeshifting


You had 7 spell levels left.
You didn't know any spells.
Your spell library contained the following spells:

 Spells                   Type           Power      Damage    Failure   Level
 Blink                    Tloc           6%         N/A       36%         2
 Manifold Assault         Tloc           3%         N/A       94%         4


Dungeon Overview and Level Annotations

Branches:
Dungeon (3/15)

Altars:
Lugonu


Innate Abilities, Weirdness & Mutations

You have very sharp teeth.
Your uncanny sense of smell can sniff out nearby items.
Your experience applies equally to all skills.


Message History

* * * LOW HITPOINT WARNING * * *
The orc wizard hits you but does no damage.
You are too injured to fight recklessly!
You are too injured to fight recklessly!
You are too injured to fight recklessly!
You are too injured to fight recklessly!
There are monsters nearby!
There are monsters nearby!
There are monsters nearby!
Unknown command.
You sock the orc wizard!
You kill the orc wizard!
Lugonu accepts your kill.
You can now banish your foes.
The orc misses you.
The orc priest looks satisfied for a moment.
You sock the orc priest!
The orc priest is heavily wounded.
The orc barely misses you. The orc priest closely misses you.
You barely miss the orc priest. Your bite misses the orc priest.
The orc priest is heavily wounded.
The orc priest hits you with a +0 club.
* * * LOW HITPOINT WARNING * * *
The orc closely misses you.
You closely miss the orc priest.
The orc priest is heavily wounded.
The orc priest hits you with a +0 club.
* * * LOW HITPOINT WARNING * * *
The orc closely misses you.
You hit the orc priest.
The orc priest is almost dead.
The orc priest calls down the wrath of Beogh upon you.
Pain shoots through your body!
* * * LOW HITPOINT WARNING * * *
The orc hits you but does no damage.
You barely miss the orc priest.
You punch the orc priest, but do no damage.
The orc priest is almost dead.
The orc priest invokes the aid of Beogh against you.
Beogh smites you!
You die...

#.... #...# #...#
#... #... #..# ∆
#.o# ..# #@## ....
##o.## .... #....##
<....
..#..##..####.^...
.#.####)......#
........!#....##
#####..####.#......#
#......# #.††##.#?#
#......# #)†.##.#.#.


You could see an orc priest and an orc.

Vanquished Creatures
  Natasha (thrice) (D:2)
  An orc wizard (D:3)
  2 adders
  4 worms (D:2)
  3 dart slugs (D:2)
  An orc (D:3)
  7 ball pythons
  4 endoplasms
  4 giant cockroaches
  8 goblins
  3 hobgoblins (D:1)
  7 jackals
  2 quokkas (D:1)
  5 bats
  3 frilled lizards
  A kobold (D:2)
  6 rats
64 creatures vanquished.

Notes
Turn   | Place    | Note
-------+----------+-------------------------------------------
     0 | D:1      | randomguy2701 the Gnoll Wanderer began the quest for the
                  | Orb.
     0 | D:1      | randomguy2701 set off with the following items: a +2 mace,
                  | a +0 quarterstaff, a +0 helmet, a potion of brilliance, a
                  | +0 leather armour.
     0 | D:1      | Reached XP level 1. HP: 17/17 MP: 2/2
   105 | D:1      | Reached XP level 2. HP: 23/23 MP: 3/3
   400 | D:1      | Reached XP level 3. HP: 28/28 MP: 4/4
   432 | D:1      | Found a faded altar of an unknown god.
   549 | D:1      | Prayed at the altar of an unknown god.
   549 | D:1      | Became a worshipper of Lugonu the Unformed
   549 | D:1      | Reached * piety under Lugonu
   718 | D:2      | Noticed Natasha
   730 | D:2      | Killed Natasha
   731 | D:2      | Reached skill level 1 in Short Blades
   731 | D:2      | Reached skill level 1 in Long Blades
   731 | D:2      | Reached skill level 1 in Axes
   731 | D:2      | Reached skill level 1 in Polearms
   731 | D:2      | Reached skill level 1 in Ranged Weapons
   731 | D:2      | Reached skill level 1 in Throwing
   731 | D:2      | Reached skill level 1 in Armour
   731 | D:2      | Reached skill level 1 in Stealth
   731 | D:2      | Reached skill level 1 in Shields
   731 | D:2      | Reached skill level 1 in Unarmed Combat
   731 | D:2      | Reached skill level 1 in Spellcasting
   731 | D:2      | Reached skill level 1 in Evocations
   731 | D:2      | Reached skill level 1 in Shapeshifting
   731 | D:2      | Reached XP level 4. HP: 4/34 MP: 6/6
  1015 | D:2      | Reached skill level 1 in Conjurations
  1015 | D:2      | Reached skill level 1 in Hexes
  1015 | D:2      | Reached skill level 1 in Summonings
  1015 | D:2      | Reached skill level 1 in Necromancy
  1015 | D:2      | Reached skill level 1 in Translocations
  1015 | D:2      | Reached skill level 1 in Transmutations
  1015 | D:2      | Reached skill level 1 in Fire Magic
  1015 | D:2      | Reached skill level 1 in Ice Magic
  1015 | D:2      | Reached skill level 1 in Air Magic
  1015 | D:2      | Reached skill level 1 in Earth Magic
  1015 | D:2      | Reached skill level 1 in Poison Magic
  1037 | D:2      | Noticed Natasha
  1056 | D:2      | Killed Natasha
  1061 | D:2      | Reached XP level 5. HP: 6/40 MP: 7/7
  1189 | D:2      | Noticed Natasha
  1199 | D:2      | Killed Natasha
  1673 | D:3      | Reached ** piety under Lugonu
  1679 | D:3      | Killed from afar by an orc priest

Illustrated notes

Levels and vault maps discovered:
D:1:      scummos_arrival_forest, layout_loops_ring, basic_ecumenical_altar,
          minmay_nonomino_d4
D:2:      layout_basic, uniq_natasha
D:3:      layout_rooms, nicolae_overflow_crystal_walls, minmay_unequal

Skill      XL: |  1  2  3  4  5 |
---------------+----------------+-----
Short Blades   | 1 |  1.6
Long Blades    | 1 |  1.6
Axes           | 1 |  1.6
Polearms       | 1 |  1.6
Ranged Weapons | 1 |  1.6
Throwing       | 1 |  1.6
Armour         | 1 |  1.6
Stealth        | 1 |  1.6
Shields        | 1 |  1.6
Unarmed Combat | 1 |  1.6
Spellcasting   | 1 |  1.6
Evocations     | 1 |  1.6
Shapeshifting  | 1 |  1.5
Conjurations   | 1 |  1.3
Hexes          | 1 |  1.3
Summonings     | 1 |  1.3
Necromancy     | 1 |  1.3
Translocations | 1 |  1.3
Transmutations | 1 |  1.3
Fire Magic     | 1 |  1.3
Ice Magic      | 1 |  1.3
Air Magic      | 1 |  1.3
Earth Magic    | 1 |  1.3
Poison Magic   | 1 |  1.3
Invocations    | 3 |  3.2
Fighting       | 3 |  3.1
Maces & Flails | |  4.8
Staves         | |  6.7
Dodging        | |  6.7

Action                     |  1- 3 |  4- 6 || total
---------------------------+-------+-------++-------
  Melee: Mace              |    71 |   107 ||   178
         Bite              |     4 |    14 ||    18
         Punch             |       |     4 ||     4
   Stab: Sleeping          |       |     4 ||     4
 Armour: Leather armour    |    31 |    58 ||    89
  Dodge: Dodged            |    62 |    93 ||   155

Table legend: (Time is in decaauts)
 A = Elapsed time spent in this place.
 B = Non-inter-level travel time spent in this place.
 C = Inter-level travel time spent in this place.
 D = Time resting spent in this place.
 E = Time spent auto-exploring this place.
 F = Levels seen in this place.
 G = Mean time per level.
                   A        B        C        D        E       F      G
               +--------+--------+--------+--------+--------+-----+--------+
         Total |   1718 |   1674 |     44 |      0 |   1273 |   3 |  572.7 |
       Dungeon |   1718 |   1674 |     44 |      0 |   1273 |   3 |  572.7 |
               +--------+--------+--------+--------+--------+-----+--------+

Top non-repeatable levels by time:
     D:2: 978 daAuts
     D:1: 684 daAuts
     D:3: 55 daAuts
